| TOP OF THE 1ST |
|
Seattle (APP) Mariners batting - Pitching for Princeton Rays : RHP Tung-chi Tian
|
|
Pitching: RHP Tung-chi Tian
|
|
|
Batting: RHB Heihachiro Fujita
|
0-0: Foul Ball, location: 2F 0-1: Ball 1-1: Foul Ball, location: 2F 1-2: Strikes out swinging
|
|
Batting: RHB Julian Gregory
|
0-0: Fly out, F8 (Flyball, 8LM, EV 88.1 MPH)
|
|
Batting: RHB John Vasquez
|
0-0: Swinging Strike 0-1: Foul Ball, location: 2F 0-2: Ball 1-2: Strikes out swinging, 2-3 out at first.
|
| Top of the 1st over - 0 runs, 0 hits, 0 errors, 0 left on base; Seattle (APP) 0 - Princeton 0 |
| BOTTOM OF THE 1ST |
|
Princeton Rays batting - Pitching for Seattle (APP) Mariners : RHP Jamie Riley
|
|
Pitching: RHP Jamie Riley
|
|
|
Batting: LHB Jonathan Spino
|
0-0: Foul Ball, location: 2F 0-1: Foul Ball, location: 2F 0-2: Foul Ball, location: 2F 0-2: Foul Ball, location: 2F 0-2: Ball 1-2: Foul Ball, location: 2F 1-2: Ball 2-2: Fly out, F8 (Flyball, 89D, EV 105.0 MPH)
|
|
Batting: SHB Joshua Jackson
|
0-0: Foul Ball, location: 2F 0-1: SINGLE (Groundball, 6MS, EV 66.9 MPH) (infield hit)
|
|
Batting: RHB Alex Diaz
|
0-0: Foul Ball, location: 2F 0-1: Fly out, F7 (Flyball, 7D, EV 92.5 MPH)
|
|
Batting: LHB Rich Matthews
|
0-0: Called Strike 0-1: Ball 1-1: Ball 2-1: Ball 3-1: Ground out 4-3 (Groundball, 4, EV 94.4 MPH)
|
| Bottom of the 1st over - 0 runs, 1 hit, 0 errors, 1 left on base; Seattle (APP) 0 - Princeton 0 |
| TOP OF THE 2ND |
|
Seattle (APP) Mariners batting - Pitching for Princeton Rays : RHP Tung-chi Tian
|
|
Batting: SHB Ray Skogen
|
0-0: Ball 1-0: Ground out 4-3 (Groundball, 4, EV 87.5 MPH)
|
|
Batting: RHB Victor Rosas
|
0-0: Called Strike 0-1: Ball 1-1: Ball 2-1: Ball 3-1: Foul Ball, location: 2F 3-2: Foul Ball, location: 2F 3-2: Base on Balls
|
|
Batting: RHB Kinzo Yokoyama
|
0-0: Called Strike 0-1: Ground out 4-3 (Groundball, 4S, EV 68.8 MPH) Victor Rosas to second
|
|
Batting: RHB Ivan Davila
|
0-0: Reached on error, E6 (Groundball, 6, EV 101.9 MPH) Victor Rosas to third
|
|
Batting: RHB Jim Begger
|
0-0: Ball Wild Pitch! Victor Rosas scores Ivan Davila to second 1-0: Ball 2-0: SINGLE (Groundball, 5S, EV 68.1 MPH) (infield hit) Ivan Davila to third
|
|
Batting: RHB Jwahir Pili
|
0-0: Ball 1-0: 3-RUN HOME RUN (Flyball, 7D, EV 101.9 MPH), Distance : 372 ft
|
|
Batting: RHB Heihachiro Fujita
|
0-0: Foul Ball, location: 2F 0-1: Foul Ball, location: 2F 0-2: Fly out, F8 (Flyball, 89S, EV 83.8 MPH)
|
| Top of the 2nd over - 4 runs, 2 hits, 1 error, 0 left on base; Seattle (APP) 4 - Princeton 0 |
| BOTTOM OF THE 2ND |
|
Princeton Rays batting - Pitching for Seattle (APP) Mariners : RHP Jamie Riley
|
|
Batting: RHB John Downing
|
0-0: Foul Ball, location: 2F 0-1: Ball 1-1: Swinging Strike 1-2: Ball 2-2: Strikes out swinging
|
|
Batting: LHB Sean Banks
|
0-0: Ball 1-0: Ball 2-0: Foul Ball, location: 2F 2-1: Ground out U3 (Groundball, 3, EV 104.4 MPH)
|
|
Batting: LHB Oscar Curiel
|
0-0: Called Strike 0-1: Ball 1-1: Ground out 4-3 (Groundball, 4, EV 80.6 MPH)
|
| Bottom of the 2nd over - 0 runs, 0 hits, 0 errors, 0 left on base; Seattle (APP) 4 - Princeton 0 |
| TOP OF THE 3RD |
|
Seattle (APP) Mariners batting - Pitching for Princeton Rays : RHP Tung-chi Tian
|
|
Batting: RHB Julian Gregory
|
0-0: Ball 1-0: Ball 2-0: Foul Ball, location: 2F 2-1: Ground out 6-3 (Groundball, 6, EV 78.8 MPH)
|
|
Batting: RHB John Vasquez
|
0-0: Fly out, F8 (Line Drive, 8LD, EV 90.6 MPH)
|
|
Batting: SHB Ray Skogen
|
0-0: Called Strike 0-1: Swinging Strike 0-2: Fly out, F8 (Line Drive, 8LM, EV 86.2 MPH)
|
| Top of the 3rd over - 0 runs, 0 hits, 0 errors, 0 left on base; Seattle (APP) 4 - Princeton 0 |
| BOTTOM OF THE 3RD |
|
Princeton Rays batting - Pitching for Seattle (APP) Mariners : RHP Jamie Riley
|
|
Batting: RHB Jim Erdody
|
0-0: Ball 1-0: Called Strike 1-1: Foul Ball, location: 2F 1-2: Ball 2-2: Ball 3-2: Base on Balls
|
|
Batting: SHB Berthold Frey
|
0-0: Called Strike 0-1: Ball 1-1: Fly out, F7 (Line Drive, 78S, EV 91.2 MPH)
|
|
Batting: LHB Jonathan Spino
|
0-0: Ball 1-0: Ball 2-0: SINGLE (Groundball, 4D, EV 96.9 MPH) Jim Erdody to second Runner from 2nd tries for 3rd, SAFE, no throw by CF
|
|
Batting: SHB Joshua Jackson
|
0-0: Ball Jonathan Spino steals 2nd base 1-0: Called Strike 1-1: Fly out, F8 (Line Drive, 8LM, EV 91.2 MPH)
|
|
Batting: RHB Alex Diaz
|
0-0: Ball 1-0: SINGLE (Groundball, 6MD, EV 107.5 MPH) Jim Erdody scores Jonathan Spino to third Runner from 3rd tries for Home, throw by CF and OUT! 8-2
|
| Bottom of the 3rd over - 1 run, 2 hits, 0 errors, 1 left on base; Seattle (APP) 4 - Princeton 1 |
| TOP OF THE 4TH |
|
Seattle (APP) Mariners batting - Pitching for Princeton Rays : RHP Tung-chi Tian
|
|
Batting: RHB Victor Rosas
|
0-0: Called Strike 0-1: Ball 1-1: Ball 2-1: Foul Ball, location: 2F 2-2: Ball 3-2: Foul Ball, location: 2F 3-2: Base on Balls
|
|
Batting: RHB Kinzo Yokoyama
|
0-0: Ball 1-0: Fly out, F5 (Popup, 56, EV 76.9 MPH)
|
|
Batting: RHB Ivan Davila
|
0-0: Ball 1-0: Grounds into double play, 6-4-3 (Groundball, 6, EV 91.2 MPH)
|
| Top of the 4th over - 0 runs, 0 hits, 0 errors, 0 left on base; Seattle (APP) 4 - Princeton 1 |
| BOTTOM OF THE 4TH |
|
Princeton Rays batting - Pitching for Seattle (APP) Mariners : RHP Jamie Riley
|
|
Batting: LHB Rich Matthews
|
0-0: TRIPLE (Line Drive, 78XD, EV 107.5 MPH)
|
|
Batting: RHB John Downing
|
0-0: Ball 1-0: Ball 2-0: DOUBLE (Flyball, 8LXD, EV 87.5 MPH) Rich Matthews scores
|
|
Batting: LHB Sean Banks
|
0-0: Ball 1-0: Ball 2-0: Foul Ball, location: 2F 2-1: Called Strike 2-2: Ground out 4-3 (Groundball, 4, EV 80.6 MPH) John Downing to third
|
|
Batting: LHB Oscar Curiel
|
0-0: Called Strike 0-1: Ball 1-1: Foul Ball, location: 2F 1-2: Ball 2-2: Ball 3-2: Fly out, F8 (Flyball, 8LD, EV 88.8 MPH) Runner from 3rd tags up, SCORES, throw by CF
|
|
Batting: RHB Jim Erdody
|
0-0: Ball 1-0: Ground out 6-3 (Groundball, 6, EV 101.2 MPH)
|
| Bottom of the 4th over - 2 runs, 2 hits, 0 errors, 0 left on base; Seattle (APP) 4 - Princeton 3 |
| TOP OF THE 5TH |
|
Seattle (APP) Mariners batting - Pitching for Princeton Rays : RHP Tung-chi Tian
|
|
Batting: RHB Jim Begger
|
0-0: Ball 1-0: Fly out, F8 (Line Drive, 8LD, EV 95.6 MPH)
|
|
Batting: RHB Jwahir Pili
|
0-0: SOLO HOME RUN (Flyball, 7D, EV 93.1 MPH), Distance : 358 ft
|
|
Batting: RHB Heihachiro Fujita
|
0-0: Swinging Strike 0-1: Called Strike 0-2: Strikes out swinging
|
|
Batting: RHB Julian Gregory
|
0-0: Ball 1-0: Ball 2-0: Ball 3-0: Base on Balls
|
|
Pitching: RHP Federico Jimenez
|
|
|
Batting: RHB John Vasquez
|
0-0: Called Strike Julian Gregory is caught stealing 2nd base 2-4
|
| Top of the 5th over - 1 run, 1 hit, 0 errors, 0 left on base; Seattle (APP) 5 - Princeton 3 |
| BOTTOM OF THE 5TH |
|
Princeton Rays batting - Pitching for Seattle (APP) Mariners : RHP Jamie Riley
|
|
Batting: SHB Berthold Frey
|
0-0: Ball 1-0: Ball 2-0: Ball 3-0: Called Strike 3-1: Ground out 4-3 (Groundball, 4MD, EV 87.5 MPH)
|
|
Batting: LHB Jonathan Spino
|
0-0: Foul Ball, location: 2F 0-1: Ground out 4-3 (Groundball, 4MS, EV 67.5 MPH)
|
|
Batting: SHB Joshua Jackson
|
0-0: Ground out 6-3 (Groundball, 6, EV 77.5 MPH)
|
| Bottom of the 5th over - 0 runs, 0 hits, 0 errors, 0 left on base; Seattle (APP) 5 - Princeton 3 |
| TOP OF THE 6TH |
|
Seattle (APP) Mariners batting - Pitching for Princeton Rays : RHP Federico Jimenez
|
|
Batting: RHB John Vasquez
|
0-0: Ball 1-0: Fly out, F3 (Popup, 3, EV 75.6 MPH)
|
|
Batting: SHB Ray Skogen
|
0-0: Ball 1-0: Called Strike 1-1: Ball 2-1: Ball 3-1: Base on Balls
|
|
Batting: RHB Victor Rosas
|
0-0: Ball 1-0: Ground out 5-3 (Groundball, 56S, EV 70.6 MPH) Ray Skogen to second
|
|
Batting: RHB Kinzo Yokoyama
|
0-0: Hit by Pitch
|
|
Batting: RHB Ivan Davila
|
0-0: Called Strike 0-1: Fielders Choice at 2nd, 5-4 (Groundball, 56, EV 89.4 MPH)
|
| Top of the 6th over - 0 runs, 0 hits, 0 errors, 2 left on base; Seattle (APP) 5 - Princeton 3 |
| BOTTOM OF THE 6TH |
|
Princeton Rays batting - Pitching for Seattle (APP) Mariners : RHP Jamie Riley
|
|
Batting: RHB Alex Diaz
|
0-0: Ball 1-0: Called Strike 1-1: Ball 2-1: Ball 3-1: Base on Balls
|
|
Batting: LHB Rich Matthews
|
0-0: Called Strike 0-1: Foul Ball, location: 2F 0-2: Ball 1-2: Foul Ball, location: 2F 1-2: SINGLE (Line Drive, 56D, EV 99.4 MPH) Alex Diaz to second
|
|
Pinch Hitting: LHB Dave Northam
|
0-0: Ball 1-0: 3-RUN HOME RUN (Flyball, 9D, EV 95.6 MPH), Distance : 380 ft
|
|
Pitching: RHP Bill Porter
|
|
|
Batting: LHB Sean Banks
|
0-0: Called Strike 0-1: Ball 1-1: Swinging Strike 1-2: SINGLE (Line Drive, 3D, EV 95.6 MPH)
|
|
Batting: LHB Oscar Curiel
|
0-0: Foul Ball, location: 2F 0-1: Ball 1-1: Called Strike 1-2: Foul Ball, location: 2F 1-2: Fielders Choice at 2nd, 4-6 (Groundball, 4, EV 84.4 MPH)
|
|
Batting: RHB Jim Erdody
|
0-0: 2-RUN HOME RUN (Flyball, 7LD, EV 95.0 MPH), Distance : 331 ft
|
|
Batting: SHB Berthold Frey
|
0-0: Ball 1-0: Ground out U3 (Groundball, 34, EV 91.2 MPH)
|
|
Batting: LHB Jonathan Spino
|
0-0: Foul Ball, location: 2F 0-1: Called Strike 0-2: Ball 1-2: SINGLE (Popup, 4MD, EV 68.1 MPH)
|
|
Batting: SHB Joshua Jackson
|
0-0: Called Strike Jonathan Spino steals 2nd base (no throw) 0-1: Fly out, F9 (Flyball, 9, EV 86.9 MPH)
|
| Bottom of the 6th over - 5 runs, 5 hits, 0 errors, 1 left on base; Seattle (APP) 5 - Princeton 8 |
| TOP OF THE 7TH |
|
Seattle (APP) Mariners batting - Pitching for Princeton Rays : RHP Federico Jimenez
|
|
Pitching: LHP Ryan Folks
|
|
|
Now at 2B: Gabe Higley
|
|
|
Batting: RHB Jim Begger
|
0-0: Ball 1-0: Ground out 5-3 (Groundball, 56, EV 110.0 MPH)
|
|
Batting: RHB Jwahir Pili
|
0-0: Foul Ball, location: 2F 0-1: Swinging Strike 0-2: Ball 1-2: Strikes out swinging
|
|
Batting: RHB Heihachiro Fujita
|
0-0: Ball 1-0: Ball 2-0: Ball 3-0: Called Strike 3-1: Called Strike 3-2: Fly out, F9 (Flyball, 9LM, EV 91.2 MPH)
|
| Top of the 7th over - 0 runs, 0 hits, 0 errors, 0 left on base; Seattle (APP) 5 - Princeton 8 |
| BOTTOM OF THE 7TH |
|
Princeton Rays batting - Pitching for Seattle (APP) Mariners : RHP Bill Porter
|
|
Pitching: LHP Chris Wheeler
|
|
|
Batting: RHB Alex Diaz
|
0-0: Foul Ball, location: 2F 0-1: Ball 1-1: Foul Ball, location: 2F 1-2: Ball 2-2: Foul Ball, location: 2F 2-2: Strikes out swinging
|
|
Batting: LHB Rich Matthews
|
0-0: Ball 1-0: Called Strike 1-1: Ball 2-1: Fly out, F7 (Flyball, 7D, EV 96.2 MPH)
|
|
Batting: RHB Gabe Higley
|
0-0: Ball 1-0: Foul Ball, location: 2F 1-1: Ground out 4-3 (Groundball, 4, EV 88.1 MPH)
|
| Bottom of the 7th over - 0 runs, 0 hits, 0 errors, 0 left on base; Seattle (APP) 5 - Princeton 8 |
| TOP OF THE 8TH |
|
Seattle (APP) Mariners batting - Pitching for Princeton Rays : LHP Ryan Folks
|
|
Batting: RHB Julian Gregory
|
0-0: Called Strike 0-1: Ball 1-1: Ball 2-1: Ball 3-1: Foul Ball, location: 2F 3-2: Strikes out swinging
|
|
Batting: RHB John Vasquez
|
0-0: Ball 1-0: Foul Ball, location: 2F 1-1: Ball 2-1: Foul Ball, location: 2F 2-2: Strikes out swinging
|
|
Batting: SHB Ray Skogen
|
0-0: Called Strike 0-1: Foul Ball, location: 2F 0-2: Strikes out swinging
|
| Top of the 8th over - 0 runs, 0 hits, 0 errors, 0 left on base; Seattle (APP) 5 - Princeton 8 |
| BOTTOM OF THE 8TH |
|
Princeton Rays batting - Pitching for Seattle (APP) Mariners : LHP Chris Wheeler
|
|
Pitching: RHP Ramon Pedroza
|
|
|
Batting: LHB Sean Banks
|
0-0: Called Strike 0-1: SINGLE (Groundball, 3S, EV 66.9 MPH) (infield hit)
|
|
Batting: LHB Oscar Curiel
|
0-0: Called Strike 0-1: Swinging Strike 0-2: SINGLE (Flyball, 3D, EV 95.6 MPH) Sean Banks to second
|
|
Batting: RHB Jim Erdody
|
0-0: Sac Bunt to 2L - play at first, batter OUT! 2-3 Sean Banks to third Oscar Curiel to second
|
|
Batting: SHB Berthold Frey
|
0-0: Ball 1-0: Ball 2-0: Called Strike 2-1: Ball Wild Pitch! Sean Banks scores Oscar Curiel to third 3-1: Foul Ball, location: 2F 3-2: Foul Ball, location: 2F 3-2: Foul Ball, location: 2F 3-2: Foul Ball, location: 2F 3-2: Base on Balls
|
|
Batting: LHB Jonathan Spino
|
0-0: Ball 1-0: Ball 2-0: Ball 3-0: Foul Ball, location: 2F 3-1: Foul Ball, location: 2F 3-2: Strikes out swinging
|
|
Batting: SHB Joshua Jackson
|
0-0: Ball 1-0: Called Strike 1-1: Foul Ball, location: 2F 1-2: Ball 2-2: Ball Wild Pitch! Oscar Curiel scores Berthold Frey to second 3-2: Base on Balls
|
|
Pitching: RHP Frank Cabrera
|
|
|
Batting: RHB Alex Diaz
|
0-0: Ball 1-0: Ball 2-0: Ball 3-0: Base on Balls Berthold Frey to third Joshua Jackson to second
|
|
Batting: LHB Rich Matthews
|
0-0: Called Strike 0-1: Foul Ball, location: 2F 0-2: Ground out 4-3 (Groundball, 4, EV 92.5 MPH)
|
| Bottom of the 8th over - 2 runs, 2 hits, 0 errors, 3 left on base; Seattle (APP) 5 - Princeton 10 |
| TOP OF THE 9TH |
|
Seattle (APP) Mariners batting - Pitching for Princeton Rays : LHP Ryan Folks
|
|
Batting: RHB Victor Rosas
|
0-0: Called Strike 0-1: Ball 1-1: Ball 2-1: Fly out, F9 (Flyball, 89S, EV 83.8 MPH)
|
|
Batting: RHB Kinzo Yokoyama
|
0-0: Ball 1-0: Ball 2-0: Called Strike 2-1: Fly out, F8 (Flyball, 78M, EV 95.0 MPH)
|
|
Batting: RHB Ivan Davila
|
0-0: Fly out, F7 (Flyball, 78D, EV 98.1 MPH)
|
| Top of the 9th over - 0 runs, 0 hits, 0 errors, 0 left on base; Seattle (APP) 5 - Princeton 10 |
|